 Dungeon Crawl Stone Soup version 0.28-a0-2-g643f2454ad (webtiles) character file.

Game seed: 15234171469747007679

715 siradein the Chiller (level 7, -2/36 HPs)
             Began as a Gargoyle Ice Elementalist on July 23, 2021.
             Slain by a wyvern zombie (9 damage)
             ... on level 5 of the Dungeon.
             The game lasted 00:17:09 (6298 turns).

siradein the Chiller (Gargoyle Ice Elementalist)    Turns: 6298, Time: 00:17:11

Health: -2/36      AC: 13    Str: 12    XL:     7   Next: 69%
Magic:  3/14       EV: 11    Int: 17    God:
Gold:   132        SH:  0    Dex: 10    Spells: 8/15 levels left

rFire   . . .      SeeInvis .   g - staff of death
rCold   . . .      Faith    .   (no shield)
rNeg    + + .      Spirit   .   a - +0 robe
rPois   ∞          Reflect  .   (no helmet)
rElec   +          Harm     .   (no cloak)
rCorr   .          Rampage  .   (no gloves)
Will    .....                   (no boots)
Stlth   ++........              (no amulet)
HPRegen 0.12/turn               (no ring)
MPRegen 0.14/turn               (no ring)

@: ice-armoured, freezing walls
A: sickness immunity, AC +4, negative energy resistance 1, electricity
resistance, torment resistance 1, petrification resistance
a: no special abilities


You were on level 5 of the Dungeon.
You visited 1 branch of the dungeon, and saw 5 of its levels.

You collected 132 gold pieces.

Inventory:

Armour
 a - a +0 robe (worn)
Magical Staves
 g - a staff of death (weapon)
Jewellery
 m - a +6 ring of dexterity
Wands
 j - a wand of polymorph (7)
 o - a wand of flame (16)
Scrolls
 b - a scroll of fog {unknown}
 d - a scroll of acquirement {unknown}
 e - a scroll of summoning {unknown}
 h - a scroll of enchant armour {unknown}
 i - 5 scrolls of identify {unknown}
 n - a scroll of silence {unknown}
 p - a scroll of vulnerability {unknown}
 q - a scroll of enchant weapon {unknown}
 r - 2 scrolls of teleportation {unknown}
Potions
 c - a potion of cancellation {unknown}
 f - a potion of haste
 k - 3 potions of curing
 l - 2 potions of brilliance {unknown}


   Skills:
 + Level 2.2 Staves
 - Level 1.5 Dodging
 - Level 2.1 Stealth
 + Level 4.7 Spellcasting
 + Level 2.0 Necromancy
 + Level 6.2 Ice Magic
 + Level 2.2 Evocations


You had 8 spell levels left.
You knew the following spells:

 Your Spells              Type           Power      Damage    Failure   Level
a - Freeze                Ice            100%       1d11      1%          1
b - Frozen Ramparts       Ice            50%        1d7       3%          3
c - Ozocubu's Armour      Ice            25%        N/A       3%          3

Your spell library contained the following spells:

 Spells                   Type           Power      Damage    Failure   Level
 Hailstorm                Conj/Ice       14%        3d5       38%         4
 Ignite Poison            Fire/Tmut/Pois 3%         N/A       41%         3
 Mephitic Cloud           Conj/Pois/Air  3%         N/A       41%         3
 Bolt of Magma            Conj/Fire/Erth 1%         4d4       99%         5
 Ozocubu's Refrigeration  Ice            12%        4d7       100%        7


Dungeon Overview and Level Annotations

Branches:
Dungeon (5/15)
 Temple: D:4-7

Altars:
Sif Muna
Beogh

Annotations:
D:4 3 runed translucent doors, Dittersdorf's ghost, novice GrFi
D:5 Grinder


Innate Abilities, Weirdness & Mutations

You are immune to sickness and miasma.
Your stone body is resilient. (AC +4)
You are immune to poison.
You resist negative energy. (rN+)
You are resistant to electric shocks. (rElec)
You are resistant to unholy torment.
You are immune to petrification.


Message History

The wyvern zombie resists.
The wall freezes the wyvern zombie.
The wyvern zombie barely misses you.
The centaur zombie resists.
The wall freezes the centaur zombie.
The centaur zombie hits you but does no damage.
The centaur zombie closely misses you.
The wall freezes the wyvern zombie but does no damage.
The wyvern zombie bites you.
Aiming: Throw Flame
Press: ? - help, Shift-Dir - straight line, f - wyvern zombie
Aim: a wyvern zombie (lightly damaged, 90% to hit)
The puff of flame hits the wyvern zombie.
The wyvern zombie is lightly damaged.
The centaur zombie completely resists.
The wall freezes the centaur zombie but does no damage.
The centaur zombie barely misses you.
The centaur zombie completely misses you.
The wyvern zombie completely resists.
The wall freezes the wyvern zombie but does no damage.
The wyvern zombie barely misses you.
The centaur zombie resists.
The wall freezes the centaur zombie.
The centaur zombie hits you. The centaur zombie closely misses you.
As you read the scroll labelled JEDIVA IPRACAWE, it crumbles to dust.
It is a scroll of amnesia.
Forget Hailstorm, freeing 4 spell levels for a total of 8?
Your memory of Hailstorm unravels.
The wyvern zombie resists.
The wall freezes the wyvern zombie.
The wyvern zombie bites you.
* * * LOW HITPOINT WARNING * * *
The centaur zombie completely resists.
The wall freezes the centaur zombie but does no damage.
The centaur zombie hits you but does no damage.
The centaur zombie kicks you.
* * * LOW HITPOINT WARNING * * *
As you read the scroll labelled ONGEMI UMYEGIMN, it crumbles to dust.
You hear a loud clanging noise!
It was a scroll of noise.
You hear a shout!
You hear an angry hiss.
You hear a shout! x6
The wyvern zombie completely resists.
The wall freezes the wyvern zombie but does no damage.
The wyvern zombie bites you!
You die...

......................#####
...........................
..........#..........#...##
..........+................
........###...####.....###
....#.... .......'.......#
..#.# .###########...##....
....# ........####...##.^##
...............Z@Z.......#
...... #.....<.####.......
..........................
...###....................
...# ###.................
.................##
.....####.........# .....
.....###.# ..... .....#


You could see a wyvern zombie and a centaur zombie.

Vanquished Creatures
  A water moccasin (D:5)
  A necrophage (D:4)
  An ogre (D:5)
  A scorpion (D:4)
  A jelly (D:4)
  2 orc priests (D:4)
  Terence (D:3)
  2 iguanas
  Natasha (thrice) (D:2)
  An orc wizard (D:4)
  2 adders
  2 ufetubi (D:5)
  2 worms
  2 dart slugs (D:1)
  5 orcs (D:4)
  11 endoplasms
  2 giant cockroaches (D:1)
  7 goblins
  7 hobgoblins
  8 jackals
  2 quokkas
  2 ball pythons
  3 bats
  A frilled lizard (D:1)
  9 kobolds
  6 rats
85 creatures vanquished.

Vanquished Creatures (others)
  4 fungi (D:1)
  7 plants (D:1)
  5 toadstools (D:1)
16 creatures vanquished.

Grand Total: 101 creatures vanquished

Notes
Turn   | Place    | Note
-------+----------+-------------------------------------------
     0 | D:1      | siradein the Gargoyle Ice Elementalist began the quest for
                  | the Orb.
     0 | D:1      | Reached XP level 1. HP: 10/10 MP: 3/3
   131 | D:1      | Reached XP level 2. HP: 8/15 MP: 0/5
   726 | D:1      | Reached XP level 3. HP: 17/19 MP: 1/6
   812 | D:1      | Learned a level 3 spell: Frozen Ramparts
  1541 | D:1      | Found a faded altar of an unknown god.
  1649 | D:1      | Learned a level 3 spell: Ozocubu's Armour
  2188 | D:2      | Noticed Natasha
  2202 | D:2      | Killed Natasha
  2203 | D:2      | Reached XP level 4. HP: 18/24 MP: 2/8
  2402 | D:2      | Noticed Natasha
  2416 | D:2      | Killed Natasha
  2417 | D:2      | Reached skill level 5 in Ice Magic
  2910 | D:2      | Noticed Natasha
  2923 | D:2      | Killed Natasha
  2924 | D:2      | Reached XP level 5. HP: 8/28 MP: 3/10
  3265 | D:3      | Noticed Terence
  3276 | D:3      | Killed Terence
  3329 | D:3      | Found a shimmering blue altar of Sif Muna.
  4115 | D:3      | Learned a level 4 spell: Hailstorm
  4156 | D:4      | Reached XP level 6. HP: 30/32 MP: 7/12
  4230 | D:4      | Noticed a necrophage
  4245 | D:4      | Killed a necrophage
  4246 | D:4      | Reached skill level 1 in Necromancy
  4246 | D:4      | Reached skill level 1 in Evocations
  4507 | D:4      | Reached skill level 1 in Staves
  5020 | D:4      | Found a runed translucent gate.
  5020 | D:4      | Noticed Dittersdorf's ghost (novice GrFi)
  5021 | D:4      | Found a runed translucent gate.
  5021 | D:4      | Identified the +3 chain mail of the Hart {Regen+ Str+3}
  5022 | D:4      | Found a runed translucent gate.
  5299 | D:4      | Reached XP level 7. HP: 16/36 MP: 6/13
  5670 | D:5      | Entered Level 5 of the Dungeon
  5676 | D:4      | Reached skill level 6 in Ice Magic
  6029 | D:5      | Noticed Grinder
  6298 | D:5      | Slain by a wyvern zombie

Illustrated notes

Levels and vault maps discovered:
D:1:      ldierk_walled_garden, layout_basic,
          shapermc_ecumenical_altar_mp_urbaneastern
D:2:      layout_basic, uniq_natasha
D:3:      layout_basic, mainiacjoe_overflow_catwalk, kennysheep_generic_room_4,
          uniq_terence
D:4:      layout_basic, biasface_ghost_orc_armoury
D:5:      layout_basic, uniq_grinder

Skill      XL: |  1  2  3  4  5  6  7 |
---------------+----------------------+-----
Spellcasting   | 3 4 |  4.7
Ice Magic      | 5 6 |  6.2
Necromancy     | 1 2 |  2.0
Evocations     | 1 2 |  2.2
Staves         | 1 2 |  2.2
Dodging        | |  1.5
Stealth        | |  2.1

Action                   |  1- 3 |  4- 6 |  7- 9 || total
-------------------------+-------+-------+-------++-------
Melee: Unarmed           |     9 |       |       ||     9
       Staff             |     6 |    56 |    16 ||    78
 Cast: Freeze            |    56 |    23 |    11 ||    90
       Frozen Ramparts   |     2 |    16 |     5 ||    23
       Ozocubu's Armour  |       |       |     3 ||     3
Evoke: Wand              |       |       |     1 ||     1
  Use: Scroll            |       |       |     2 ||     2
Armor: Robe              |    17 |    26 |    33 ||    76
Dodge: Dodged            |    25 |    38 |    39 ||   102

Table legend: (Time is in decaauts)
 A = Elapsed time spent in this place.
 B = Non-inter-level travel time spent in this place.
 C = Inter-level travel time spent in this place.
 D = Time resting spent in this place.
 E = Time spent auto-exploring this place.
 F = Levels seen in this place.
 G = Mean time per level.
                   A        B        C        D        E       F      G
               +--------+--------+--------+--------+--------+-----+--------+
         Total |   6311 |   6229 |     82 |    317 |   4867 |   5 | 1262.2 |
       Dungeon |   6311 |   6229 |     82 |    317 |   4867 |   5 | 1262.2 |
               +--------+--------+--------+--------+--------+-----+--------+

Top non-repeatable levels by time:
     D:4: 1913 daAuts
     D:1: 1691 daAuts
     D:2: 1468 daAuts
     D:3: 968 daAuts
     D:5: 269 daAuts
